 Dungeon Crawl Stone Soup version 0.31.0-32-g396128a36d (webtiles) character file.

Game seed: 10344166887358379723

1138 booth the Apothecary (level 8, -10/46 (58) HPs)
             Began as a Gnoll Wanderer on Mar 22, 2024.
             Mangled by Edmund
             ... wielding a +3 dire flail of draining
              (11 damage)
             ... on level 5 of the Dungeon.
             The game lasted 00:32:27 (5224 turns).

booth the Apothecary (Gnoll Wanderer)               Turns: 5224, Time: 00:32:27

HP:   -10/46 (58)   AC:  8    Str: 12    XL:     8   Next: 37%
MP:   11/14         EV: 12    Int: 12    God:
Gold: 315           SH:  0    Dex: 13    Spells: 12/15 levels left

rFire   . . .        d - +2 dagger (chaos)
rCold   . . .        (no shield)
rNeg    + . .        y - +0 leather armour
rPois   .            (no helmet)
rElec   .            (no cloak)
rCorr   .            r - +0 pair of gloves
SInv    .            (no boots)
Will    .....        z - amulet of regeneration
Stlth   +++          h - ring of positive energy
HPRegen 1.07/turn    m - +4 ring of protection
MPRegen 0.14/turn

%: no passive effects
@: heavily drained
A: fangs 1, strong nose, distributed training
a: no special abilities


You were on level 5 of the Dungeon.
You visited 1 branch of the dungeon, and saw 5 of its levels.

You collected 315 gold pieces.

Inventory:

Hand Weapons
 d - a +2 dagger of chaos (weapon)
 e - a +0 dagger of speed
 w - a +1 mace
Missiles
 b - 8 boomerangs (quivered)
 p - 6 poisoned darts
 t - 3 javelins
 x - 3 curare-tipped darts
Armour
 f - a +0 ring mail
 r - a +0 pair of gloves (worn)
 y - a +0 leather armour (worn)
Jewellery
 h - a ring of positive energy (left hand)
 m - a +4 ring of protection (right hand)
 o - a ring of wizardry
 z - an amulet of regeneration (around neck)
Wands
 k - a wand of flame (13)
Scrolls
 l - a scroll of torment {unknown}
 u - a scroll of immolation {unknown}
 v - a scroll of butterflies {unknown}
 A - a scroll of revelation {unknown}
 D - a scroll of amnesia
Potions
 a - a potion of invisibility
 c - 2 potions of attraction
 i - a potion of might {unknown}
 j - a potion of enlightenment
 n - 2 potions of haste
 q - 2 potions of brilliance
 s - a potion of mutation {unknown}
 C - a potion of berserk rage {unknown}


   Skills:
 + Level 3.3 Fighting
 + Level 3.3 Short Blades
 + Level 3.3 Long Blades
 + Level 3.3 Axes
 + Level 3.3 Maces & Flails
 + Level 3.3 Polearms
 + Level 3.3 Staves
 + Level 3.3 Ranged Weapons
 + Level 5.7 Throwing
 + Level 3.3 Armour
 + Level 3.3 Dodging
 + Level 5.4 Stealth
 + Level 3.3 Shields
 + Level 4.2 Unarmed Combat
 + Level 4.4 Spellcasting
 + Level 2.7 Conjurations
 + Level 2.7 Hexes
 + Level 2.7 Summonings
 + Level 2.7 Necromancy
 + Level 2.7 Translocations
 + Level 2.7 Fire Magic
 + Level 2.7 Ice Magic
 + Level 2.7 Air Magic
 + Level 2.7 Earth Magic
 + Level 6.1 Alchemy
 + Level 3.6 Invocations
 + Level 4.2 Evocations
 + Level 3.0 Shapeshifting


You had 12 spell levels left.
You knew the following spells:

 Your Spells              Type           Power      Damage    Failure   Level
a - Sting                 Conj/Alch      52%        1d6       4%          1
b - Searing Ray           Conj           18%        2d5       13%         2

Your spell library contained the following spells:

 Spells                   Type           Power      Damage    Failure   Level
 Magic Dart               Conj           36%        1d4       9%          1
 Fugue of the Fallen      Necr           9%         N/A       26%         3
 Ozocubu's Armour         Ice            9%         N/A       26%         3
 Fulminant Prism          Conj/Alch      6%         3d6       41%         4
 Leda's Liquefaction      Alch/Erth      6%         N/A       41%         4
 Manifold Assault         Tloc           9%         N/A       65%         4


Dungeon Overview and Level Annotations

Branches:
Dungeon (5/15)
 Temple: D:4-7

Altars:
Cheibriados
Dithmenos
Kikubaaqudgha
Makhleb
Trog
Xom

Annotations:
D:5 Edmund


Innate Abilities, Weirdness & Mutations

You have very sharp teeth.
Your uncanny sense of smell can sniff out nearby items.
Your experience applies equally to all skills.


Message History

You completely miss Edmund.
Edmund is heavily wounded.
You barely miss Edmund. You bite Edmund, but do no damage.
Edmund is heavily wounded.
Edmund barely misses you.
You hit Edmund. You drain Edmund.
Edmund is severely wounded.
Edmund barely misses you.
You closely miss Edmund.
Edmund is severely wounded.
Edmund barely misses you.
You hit Edmund but do no damage. You drain Edmund.
Edmund is almost dead.
Edmund barely misses you.
You barely miss Edmund.
Edmund is almost dead.
You hit Edmund.
Edmund flies into a frenzy!
Edmund is almost dead.
Edmund hits you with a +3 dire flail of draining!
You partially resist.
You feel drained.
Edmund hits you with a +3 dire flail of draining!
You partially resist.
You feel drained.
You closely miss Edmund.
Edmund is almost dead.
Edmund hits you but does no damage. You partially resist.
You hit Edmund but do no damage.
Edmund is almost dead.
Edmund hits you with a +3 dire flail of draining.
You partially resist.
You feel drained.
You hit Edmund but do no damage.
Edmund is almost dead.
Edmund closely misses you.
You closely miss Edmund.
Edmund is almost dead.
Edmund hits you with a +3 dire flail of draining!
* * * LOW HITPOINT WARNING * * *
You partially resist.
You feel drained.
* * * LOW HITPOINT WARNING * * *
Edmund hits you with a +3 dire flail of draining!
You die...

###### ######### ###....#
#....@@.# ...[.#.# #.#####.#
####...# #.#
...#.#.####.#####.########
...#....................>###
_..'........#####.######...#
...#...###### #.# #.#.#
...#.(...... #.# #.#.#
####.....### #.######.#.#


You could see the neutral Edmund (fast, strong, frenzied, resistant, very
drained).

Vanquished Creatures
  Menkaure (D:4)
  An ice beast (D:5)
  2 ogres
  A centaur (D:5)
  A gnoll sergeant (D:5)
  A scorpion (D:5)
  A crimson imp (D:3)
  4 bombardier beetles
  2 gnoll boudas (D:5)
  An orc wizard (D:3)
  3 iguanas
  10 gnolls
  5 adders
  3 dart slugs
  A ribbon worm (D:4)
  13 orcs
  3 endoplasms
  2 giant cockroaches
  5 goblins
  4 hobgoblins
  2 jackals (D:4)
  3 quokkas
  9 ball pythons
  6 bats
  2 frilled lizards (D:3)
  5 kobolds
  3 rats
94 creatures vanquished.

Vanquished Creatures (others)
  A butterfly (D:5)
1 creature vanquished.

Grand Total: 95 creatures vanquished

Notes
Turn   | Place    | Note
-------+----------+-------------------------------------------
     0 | D:1      | booth the Gnoll Wanderer began the quest for the Orb.
     0 | D:1      | booth set off with the following items: a +0 dagger, 10
                  | boomerangs, a potion of attraction, a potion of curing, a
                  | +0 robe; and the following spell memorised: Sting; and the
                  | following spells available to memorise: Fulminant Prism,
                  | Leda's Liquefaction.
     0 | D:1      | Reached XP level 1. HP: 13/13 MP: 4/4
   240 | D:1      | Reached XP level 2. HP: 18/19 MP: 5/5
  1115 | D:2      | Reached XP level 3. HP: 23/25 MP: 2/7
  1372 | D:2      | Found an ancient bone altar of Kikubaaqudgha.
  1374 | D:2      | Reached skill level 1 in Invocations
  1590 | D:2      | Reached skill level 1 in Fighting
  1590 | D:2      | Reached skill level 1 in Short Blades
  1590 | D:2      | Reached skill level 1 in Long Blades
  1590 | D:2      | Reached skill level 1 in Axes
  1590 | D:2      | Reached skill level 1 in Maces & Flails
  1590 | D:2      | Reached skill level 1 in Polearms
  1590 | D:2      | Reached skill level 1 in Staves
  1590 | D:2      | Reached skill level 1 in Ranged Weapons
  1590 | D:2      | Reached skill level 1 in Armour
  1590 | D:2      | Reached skill level 1 in Dodging
  1590 | D:2      | Reached skill level 1 in Shields
  1900 | D:3      | Learned a level 2 spell: Searing Ray
  1976 | D:3      | Found a faded altar of an unknown god.
  2096 | D:3      | Found a shadowy altar of Dithmenos.
  2191 | D:3      | Found a snail-covered altar of Cheibriados.
  2224 | D:3      | Reached skill level 1 in Conjurations
  2224 | D:3      | Reached skill level 1 in Hexes
  2224 | D:3      | Reached skill level 1 in Summonings
  2224 | D:3      | Reached skill level 1 in Necromancy
  2224 | D:3      | Reached skill level 1 in Translocations
  2224 | D:3      | Reached skill level 1 in Fire Magic
  2224 | D:3      | Reached skill level 1 in Ice Magic
  2224 | D:3      | Reached skill level 1 in Air Magic
  2224 | D:3      | Reached skill level 1 in Earth Magic
  2224 | D:3      | Reached skill level 1 in Shapeshifting
  2224 | D:3      | Reached XP level 4. HP: 17/32 MP: 6/8
  2413 | D:3      | Reached XP level 5. HP: 18/37 MP: 5/9
  2882 | D:3      | Found a burning altar of Makhleb.
  2882 | D:3      | Found a shimmering altar of Xom.
  3216 | D:4      | Noticed Menkaure
  3233 | D:4      | Killed Menkaure
  3234 | D:4      | Reached skill level 5 in Throwing
  3234 | D:4      | Reached XP level 6. HP: 44/44 MP: 11/11
  3803 | D:4      | Reached XP level 7. HP: 46/51 MP: 5/12
  3870 | D:5      | Entered Level 5 of the Dungeon
  4017 | D:5      | Reached skill level 5 in Stealth
  4389 | D:5      | Found a bloodstained altar of Trog.
  4431 | D:5      | Reached skill level 6 in Alchemy
  4586 | D:5      | Reached XP level 8. HP: 43/58 MP: 9/14
  4632 | D:5      | Noticed Edmund
  4654 | D:5      | HP: 2/43 [iguana (3)]
  5053 | D:5      | Noticed a wraith
  5067 | D:5      | HP: 2/52 [wraith (9)]
  5224 | D:5      | HP: 2/47 [Edmund/+3 dire flail of draining (16)]
  5224 | D:5      | Mangled by Edmund

Illustrated notes

Levels and vault maps discovered:
D:1:      lemuel_arrival_behind_the_door_large, layout_loops_corners,
          minmay_splitting_lines
D:2:      layout_basic, basic_altar, minmay_misc_feat_chi
D:3:      layout_rooms, grunt_temple_overflow_champion_of_chaos, slow_altar_2,
          mainiacjoe_overflow_paths, hellmonk_ecumenical_altar_zigzags,
          kennysheep_pointless_box, minmay_misc_feat_hallway
D:4:      layout_loops_ring, uniq_menkaure
D:5:      cheibrodos_barr_body, layout_basic, amcnicky_altar_gilded,
          nicolae_elyvilon_peaceful_grove, uniq_edmund

Skill      XL: |  1  2  3  4  5  6  7  8 |
---------------+-------------------------+-----
Invocations    | 1 2 3 |  3.6
Fighting       | 1 2 3 |  3.3
Short Blades   | 1 2 3 |  3.3
Long Blades    | 1 2 3 |  3.3
Axes           | 1 2 3 |  3.3
Maces & Flails | 1 2 3 |  3.3
Polearms       | 1 2 3 |  3.3
Staves         | 1 2 3 |  3.3
Ranged Weapons | 1 2 3 |  3.3
Armour         | 1 2 3 |  3.3
Dodging        | 1 2 3 |  3.3
Shields        | 1 2 3 |  3.3
Spellcasting   | 3 4 |  4.4
Conjurations   | 1 2 |  2.7
Hexes          | 1 2 |  2.7
Summonings     | 1 2 |  2.7
Necromancy     | 1 2 |  2.7
Translocations | 1 2 |  2.7
Fire Magic     | 1 2 |  2.7
Ice Magic      | 1 2 |  2.7
Air Magic      | 1 2 |  2.7
Earth Magic    | 1 2 |  2.7
Shapeshifting  | 1 2 3 |  3.0
Unarmed Combat | 3 4 |  4.2
Evocations     | 3 4 |  4.2
Throwing       | 5 |  5.7
Stealth        | 5 |  5.4
Alchemy        | 6 |  6.1

Action                     |  1- 3 |  4- 6 |  7- 9 || total
---------------------------+-------+-------+-------++-------
  Melee: Dagger            |    55 |   103 |    81 ||   239
         Bite              |     6 |    12 |     8 ||    26
         Punch             |       |     1 |     4 ||     5
  Throw: Boomerang         |    42 |    12 |    16 ||    70
         Dart              |       |     3 |     2 ||     5
         Javelin           |       |       |     4 ||     4
   Cast: Sting             |    21 |    18 |     6 ||    45
         Searing Ray       |       |     3 |    14 ||    17
  Evoke: Wand              |       |     5 |       ||     5
    Use: Scroll            |     4 |     5 |     6 ||    15
         Potion            |       |     4 |     4 ||     8
   Stab: Sleeping          |     1 |     2 |     1 ||     4
         Petrifying        |       |     1 |       ||     1
         Petrified         |       |       |     1 ||     1
         Paralysed         |       |       |     1 ||     1
 Armour: Robe              |    30 |       |       ||    30
         Leather armour    |     3 |    80 |    85 ||   168
  Dodge: Dodged            |    21 |    53 |    67 ||   141
